 Dungeon Crawl Stone Soup version 0.23.2-1-ga50397a6bc (webtiles) character file.

Game seed: 7054247164663442044

25911 arest24 the Protected (level 12, 0/111 HPs)
             Began as a Minotaur Fighter on May 16, 2019.
             Was a Priest of Qazlal.
             Incinerated by a deep elf mage (9 damage)
             ... with a sticky flame
             ... on level 1 of the Elven Halls on May 17, 2019.
             The game lasted 02:23:16 (15082 turns).

arest24 the Protected (Minotaur Fighter)           Turns: 15082, Time: 02:23:17

Health: 0/111      AC: 19    Str: 27    XL:     12   Next: 93%
Magic:  12/16      EV: 11    Int:  5    God:    Qazlal [***...]
Gold:   399        SH: 17    Dex: 16    Spells: 11/11 levels left

rFire    . . .     SeeInvis .   Q - +0 flail (protect)
rCold    . . .     Gourm    .   c - +0 shield
rNeg     . . .     Faith    .   m - +0 plate armour
rPois    .         Spirit   .   (helmet restricted)
rElec    .         Reflect  .   s - +0 cloak
rCorr    .         Harm     .   v - +1 pair of gloves
MR       .....                  u - -1 pair of boots (curse)
Stlth    ..........             (no amulet)
HPRegen  0.28/turn              k - +4 ring of dexterity
MPRegen  0.15/turn              q - +3 ring of strength

@: liquid flames, glowing, studying Maces & Flails, lightly drained
A: retaliatory headbutt, horns 2, mutation resistance 1
a: Upheaval, Elemental Force, Renounce Religion


You were on level 1 of the Elven Halls.
You worshipped Qazlal.
Qazlal was most pleased with you.
You were not hungry.

You visited 4 branches of the dungeon, and saw 16 of its levels.
You also visited: Sewer.

You collected 2021 gold pieces.
You spent 1622 gold pieces at shops.

Inventory:

Hand Weapons
 Q - a +0 flail of protection (weapon)
Armour
 c - a +0 shield (worn)
 m - a +0 plate armour (worn)
 s - a +0 cloak (worn)
 u - a cursed -1 pair of boots (worn)
 v - a +1 pair of gloves (worn)
Jewellery
 k - a +4 ring of dexterity (left hand)
 q - a +3 ring of strength (right hand)
Wands
 j - a wand of digging (5)
 n - a wand of scattershot (5)
 x - a wand of disintegration (7)
 C - a wand of enslavement (12)
 D - a wand of paralysis (7)
 E - a wand of acid (7)
 K - a wand of random effects (13)
 O - a wand of iceblast (5)
Scrolls
 e - 3 scrolls of magic mapping
 g - 7 scrolls of remove curse
 i - 3 scrolls of teleportation
 r - 3 scrolls of enchant weapon
 t - 3 scrolls of enchant armour
 w - a scroll of amnesia
 y - 2 scrolls of random uselessness {unknown}
 F - a scroll of immolation {unknown}
 G - a scroll of summoning {unknown}
 H - a scroll of torment {unknown}
 I - 2 scrolls of fear {unknown}
 M - 2 scrolls of silence {unknown}
 N - a scroll of fog {unknown}
 P - a scroll of identify
Potions
 d - a potion of might
 h - a potion of cancellation {unknown}
 l - a potion of flight
 o - 3 potions of curing
 p - a potion of magic {unknown}
 A - 2 potions of agility
 B - 5 potions of berserk rage
 L - 2 potions of brilliance
Books
 b - a manual of Maces & Flails
Comestibles
 f - 21 rations


   Skills:
 * Level 11.7(11.4) Fighting
 * Level 11.7(11.4) Maces & Flails
   Level 5.0(4.7) Slings
 * Level 11.8(11.5) Armour
 + Level 7.3(7.0) Dodging
 * Level 9.6(9.3) Shields
 * Level 7.6(7.3) Invocations
 + Level 5.8(5.5) Evocations


You had 11 spell levels left.
You didn't know any spells.
Your spell library contained the following spells:

 Spells                   Type           Power        Failure   Level  Hunger
 Animate Skeleton         Necr           N/A          100%        1    ##.....
 Confusing Touch          Hex            #.....       100%        1    ##.....
 Flame Tongue             Conj/Fire      #....        100%        1    ##.....
 Infusion                 Chrm           #...         100%        1    ##.....
 Pain                     Necr           #...         100%        1    ##.....
 Summon Small Mammal      Summ           #...         100%        1    ##.....
 Call Imp                 Summ           #.......     100%        2    ###....
 Throw Flame              Conj/Fire      #.....       100%        2    ###....
 Call Canine Familiar     Summ           #.......     100%        3    ####...
 Confuse                  Hex            #.......     100%        3    ####...
 Conjure Flame            Conj/Fire      #.......     100%        3    ####...
 Gell's Gravitas          Tloc           #.........   100%        3    ####...
 Inner Flame              Hex/Fire       #.......     100%        3    ####...
 Regeneration             Chrm/Necr      #.........   100%        3    ####...
 Summon Guardian Golem    Hex/Summ       #.......     100%        3    ####...
 Vampiric Draining        Necr           #.........   100%        3    ####...
 Animate Dead             Necr           N/A          100%        4    #####..
 Petrify                  Tmut/Erth      #.......     100%        4    #####..
 Sticky Flame             Conj/Fire      #.......     100%        4    #####..
 Summon Ice Beast         Ice/Summ       #.......     100%        4    #####..
 Summon Lightning Spire   Summ/Air       #.......     100%        4    #####..
 Bolt of Magma            Conj/Fire/Erth #.........   100%        5    ######.
 Fireball                 Conj/Fire      #.........   100%        5    ######.
 Iskenderun's Battlesphe  Conj/Chrm      #.......     100%        5    ######.
 Metabolic Englaciation   Hex/Ice        #.........   100%        5    ######.
 Venom Bolt               Conj/Pois      #.........   100%        5    ######.
 Yara's Violent Unravell  Hex/Tmut       #.........   100%        5    ######.
 Iron Shot                Conj/Erth      #.........   100%        6    #######
 Orb of Destruction       Conj           #.........   100%        7    #######
 Spellforged Servitor     Conj/Summ      #.........   100%        7    #######


Dungeon Overview and Level Annotations

Branches:
Dungeon (12/15)            Temple (1/1) D:6            Lair (0/6) D:11
    Orc (2/2) D:10            Elf (1/3) Orc:2

Altars:
Ashenzari
Cheibriados
Dithmenos
Elyvilon
Fedhas
Gozag
Hepliaklqana
Kikubaaqudgha
Makhleb
Nemelex Xobeh
Okawaru
Qazlal
Ru
Sif Muna
Trog
Uskayaw
Vehumet
Wu Jian
Xom
Yredelemnul
Zin
The Shining One
Beogh

Shops:
D:6 }(   Orc:2 *([:


Innate Abilities, Weirdness & Mutations

You reflexively headbutt those who attack you in melee.
You have a pair of horns on your head.
You are somewhat resistant to further mutation.


Message History

The deep elf archer gestures at you while chanting.
You are confused.
You see here 15 stones.
The deep elf mage points at you and mumbles some strange words.
The bolt of magma hits the fire elemental.
The fire elemental partially resists.
The bolt of magma hits you!
* * * LOW HITPOINT WARNING * * *
Your surroundings suddenly seem different.
You hear a shout! x2
Found a leather armour and 22 stones.
Found a stone staircase leading down.
You see here a leather armour.
You feel less confused.
The deep elf mage points at you and mumbles some strange words.
The sticky flame hits you.
You are covered in liquid flames!
* * * LOW HITPOINT WARNING * * *
You are covered in liquid flames!
* * * LOW HITPOINT WARNING * * *
You are covered in liquid flames!
You die...

#....e...... ##
#....EE.#### ..
#..○○○E.# #.
#####°.e###.#
#.
#.......e..##
#. #.#####.#.##
#. #.# #..##
#(####.# #.e#
#.@.[..# #..#
####.#.#####.#e
#..#.......^##.
#..#####e....##
#.# #.>.... #.
...... # ......
..... .....


You could see a deep elf mage.

Vanquished Creatures
  An orc warlord (Orc:1)
  A two-headed ogre (D:9)
  3 orc high priests
  2 deep elf knights (Elf:1)
  An unseen horror (D:11)
  4 orc knights
  7 orc sorcerers
  7 deep elf magi (Elf:1)
  2 ugly things (D:11)
  2 cyclopes
  A komodo dragon (D:12)
  2 trolls
  A hornet (D:12)
  2 hippogriffs
  An air elemental (Elf:1)
  3 fire elementals (Elf:1)
  3 yaks (D:9)
  2 wraiths
  4 wargs
  2 water moccasins
  25 orc warriors
  3 sky beasts
  2 ice beasts
  A hornet zombie (D:5)
  2 necrophages (D:7)
  3 phantoms
  Purgy (Sewer)
  An eye of draining (D:12)
  9 centaurs
  12 ogres
  6 bullfrogs
  3 scorpions
  2 water moccasin skeletons
  5 wights
  5 howler monkeys
  An electric eel (D:11)
  8 crimson imps
  A lava snake (D:8)
  4 bullfrog zombies
  4 human zombies (D:7)
  A quasit (D:8)
  A jelly (D:10)
  A centaur zombie (D:4)
  Crazy Yiuf (D:4)
  A centaur skeleton (D:8)
  8 orc priests
  7 hounds
  A bullfrog skeleton (D:10)
  2 iguanas
  17 orc wizards
  Natasha (thrice) (D:2)
  7 worker ants
  2 mummies (D:7)
  Robin (D:2)
  11 gnolls
  11 adders
  A shadow imp (D:7)
  An ooze (D:1)
  An adder skeleton (D:6)
  3 adder zombies
  A worm (D:3)
  A dart slug (D:4)
  3 leopard geckos
  77 orcs
  14 bats
  A giant cockroach (D:2)
  20 goblins
  10 hobgoblins
  3 jackals (D:5)
  9 kobolds
  2 quokkas
  2 ball pythons
  6 frilled lizards
  A jackal skeleton (D:4)
  2 leopard gecko skeletons
  A leopard gecko zombie (D:7)
  An orc zombie (D:7)
  2 quokka skeletons
  A quokka zombie (D:4)
  10 rats
397 creatures vanquished.

Vanquished Creatures (collateral kills)
  An air elemental (Elf:1)
1 creature vanquished.

Vanquished Creatures (others)
  A water elemental (Elf:1)
  An orc warrior (Orc:2)
  An orc (D:10)
  6 fungi (Orc:2)
9 creatures vanquished.

Grand Total: 407 creatures vanquished

Notes
Turn   | Place    | Note
-------+----------+-------------------------------------------
     0 | D:1      | arest24 the Minotaur Fighter began the quest for the Orb.
     0 | D:1      | Reached XP level 1. HP: 19/19 MP: 0/0
    47 | D:1      | Reached XP level 2. HP: 14/27 MP: 1/1
   869 | D:2      | Reached XP level 3. HP: 31/33 MP: 2/2
   899 | D:2      | Noticed Robin
   918 | D:2      | Killed Robin
  1020 | D:2      | Noticed Natasha
  1035 | D:2      | Killed Natasha
  1035 | D:2      | Reached XP level 4. HP: 25/41 MP: 3/3
  1290 | D:2      | Noticed Natasha
  1297 | D:2      | Killed Natasha
  1407 | D:2      | Noticed Natasha
  1413 | D:2      | Killed Natasha
  1413 | D:2      | Reached XP level 5. HP: 44/47 MP: 4/4
  1486 | D:2      | Reached skill level 1 in Dodging
  1674 | D:3      | Reached skill level 1 in Slings
  1754 | D:3      | Found an iron altar of Okawaru.
  1781 | D:3      | Reached skill level 5 in Armour
  1792 | D:3      | Found a radiant altar of Vehumet.
  1910 | D:3      | Reached skill level 5 in Fighting
  1910 | D:3      | Reached XP level 6. HP: 35/56 MP: 5/5
  1914 | D:3      | Reached skill level 5 in Shields
  2082 | D:3      | Found a glowing golden altar of the Shining One.
  2495 | D:4      | Found a runed translucent door.
  2496 | D:4      | Noticed Crazy Yiuf
  2502 | D:4      | Killed Crazy Yiuf
  2610 | D:4      | Reached XP level 7. HP: 56/61 MP: 6/6
  2727 | D:4      | Found a glowing silver altar of Zin.
  2727 | D:4      | Noticed an angel
  2729 | D:4      | Found a shimmering altar of Xom.
  2911 | D:5      | Entered Level 5 of the Dungeon
  3164 | D:5      | Found a basalt altar of Yredelemnul.
  3164 | D:5      | Found an ornate altar of the Wu Jian Council.
  3222 | D:5      | Reached skill level 1 in Evocations
  3474 | D:5      | Reached skill level 5 in Maces & Flails
  3604 | D:5      | Reached XP level 8. HP: 69/70 MP: 8/8
  4104 | D:6      | Found a staircase to the Ecumenical Temple.
  4211 | D:6      | Found Nanamap's Gadget Emporium.
  4250 | D:6      | Found Kunon's Antique Weapon Emporium.
  4408 | D:6      | Reached XP level 9. HP: 37/79 MP: 9/9
  4427 | D:6      | Found a glowing drain.
  4436 | Sewer    | Entered a sewer
  4603 | Sewer    | Noticed Purgy
  4614 | Sewer    | Killed Purgy
  4727 | Temple   | Entered the Ecumenical Temple
  4780 | Temple   | Became a worshipper of Qazlal Stormbringer
  4841 | D:6      | Found a burning altar of Makhleb.
  5128 | D:6      | Found a snail-covered altar of Cheibriados.
  5128 | D:6      | Found a shattered altar of Ashenzari.
  5221 | D:7      | Reached skill level 1 in Invocations
  5864 | D:7      | Found a basalt altar of Yredelemnul.
  5927 | D:7      | Reached * piety under Qazlal
  6686 | D:8      | Reached XP level 10. HP: 90/90 MP: 11/11
  7118 | D:9      | Noticed a two-headed ogre
  7128 | D:9      | Killed a two-headed ogre
  7128 | D:9      | Reached ** piety under Qazlal
  7128 | D:9      | Reached skill level 5 in Slings
  7128 | D:9      | Reached skill level 5 in Dodging
  7973 | D:10     | Entered Level 10 of the Dungeon
  8050 | D:10     | Found a staircase to the Orcish Mines.
  8171 | D:10     | Found a roughly hewn altar of Beogh.
  8317 | D:10     | Reached *** piety under Qazlal
  8682 | D:11     | Noticed a red ugly thing
  8692 | D:11     | Killed a red ugly thing
  8870 | D:11     | You fall through a shaft!
  8923 | D:12     | Paralysed by a hornet for 3 turns
  8932 | D:12     | Reached XP level 11. HP: 71/99 MP: 13/13
  8961 | D:12     | Reached skill level 10 in Armour
  9070 | D:12     | Reached skill level 5 in Invocations
  9074 | D:12     | Gained mutation: Scrolls take you a little longer to read.
                  | [potion of mutation]
  9074 | D:12     | Gained mutation: You are somewhat resistant to further
                  | mutation. [potion of mutation]
  9248 | D:11     | Noticed a green ugly thing
  9254 | D:11     | Killed a green ugly thing
  9478 | D:11     | Killed an unseen horror
  9478 | D:11     | Reached skill level 10 in Fighting
 10130 | D:11     | Found a staircase to the Lair.
 10262 | Orc:1    | Entered Level 1 of the Orcish Mines
 10349 | Orc:2    | Entered Level 2 of the Orcish Mines
 10349 | Orc:2    | Found Huakon's General Store.
 10349 | Orc:2    | Noticed an orc sorcerer
 10349 | Orc:2    | Noticed an orc knight
 10349 | Orc:2    | Noticed an orc sorcerer
 10349 | Orc:2    | Noticed an orc high priest
 10353 | Orc:2    | Noticed a sixfirhy
 10361 | Orc:1    | Killed an orc sorcerer
 10367 | Orc:2    | Noticed an orc high priest
 10368 | Orc:2    | Noticed an orc high priest
 10382 | Orc:1    | Killed an orc knight
 10472 | Orc:2    | Noticed a sixfirhy
 10493 | Orc:2    | Noticed an orc warlord
 10608 | Orc:2    | Noticed an orc knight
 10617 | Orc:1    | Killed an orc high priest
 10836 | Orc:2    | Noticed a soul eater
 10840 | Orc:1    | Reached skill level 10 in Maces & Flails
 10970 | Orc:1    | Killed an orc warlord
 10970 | Orc:1    | Reached skill level 5 in Evocations
 10978 | Orc:1    | Killed an orc sorcerer
 10981 | Orc:2    | Noticed an orc knight
 10993 | Orc:2    | Noticed an orc knight
 11010 | Orc:1    | Killed an orc knight
 11356 | Orc:1    | Killed an orc high priest
 11356 | Orc:1    | Reached XP level 12. HP: 92/108 MP: 15/15
 11599 | Orc:2    | Paralysed by an orc sorcerer for 6 turns
 11744 | Orc:2    | Paralysed by an orc sorcerer for 2 turns
 11989 | Orc:2    | Paralysed by an orc sorcerer for 7 turns
 12295 | Orc:2    | Killed an orc high priest
 12549 | Orc:2    | Bought a potion of curing for 51 gold pieces
 12549 | Orc:2    | Bought a potion of mutation for 136 gold pieces
 12549 | Orc:2    | Lost mutation: Scrolls take you a little longer to read.
                  | [potion of mutation]
 12626 | Orc:2    | Found Kujag's Antique Weapon Emporium.
 12634 | Orc:2    | Found a staircase to the Elven Halls.
 13007 | Orc:2    | Found Peant's Book Shoppe.
 13053 | Orc:2    | Found Ujeich's Antique Armour Boutique.
 13079 | Orc:2    | Paralysed by an orc sorcerer for 3 turns
 13412 | Orc:2    | Reached **** piety under Qazlal
 13933 | Orc:1    | Found a deep blue altar of Sif Muna.
 13949 | Orc:1    | Identified Sif Muna's Guide on Good Luck
 13979 | Orc:2    | Bought a manual of Maces & Flails for 1435 gold pieces
 14004 | Elf:1    | Entered Level 1 of the Elven Halls
 15082 | Elf:1    | Incinerated by a deep elf mage

Skill      XL: |  1  2  3  4  5  6  7  8  9 10 11 12 |
---------------+-------------------------------------+-----
Armour         | 4 5 6 7 8 9 10 11 | 11.8
Fighting       | 4 5 6 7 8 9 10 11 | 11.7
Shields        | 4 5 6 8 9 |  9.6
Maces & Flails | 3 4 5 6 7 9 10 11 | 11.7
Dodging        | 1 2 3 4 5 6 7 |  7.3
Slings         | 1 2 3 4 5 |  5.0
Evocations     | 1 2 3 4 5 |  5.8
Invocations    | 3 4 6 7 |  7.6

Action                   |  1- 3 |  4- 6 |  7- 9 | 10-12 || total
-------------------------+-------+-------+-------+-------++-------
Melee: Flail             |   106 |   120 |   350 |   754 ||  1330
       Headbutt          |    11 |    28 |    95 |   240 ||   374
 Fire: Hunting sling     |       |     5 |    22 |    22 ||    49
Invok: Elemental Force   |       |       |       |     3 ||     3
       Upheaval          |       |       |       |     1 ||     1
Evoke: Wand              |       |       |     2 |    22 ||    24
  Use: Scroll            |     5 |     2 |     6 |     6 ||    19
       Potion            |     1 |       |     3 |    10 ||    14
  Eat: Chunk             |     1 |     5 |    10 |    20 ||    36
       Ration            |       |       |     1 |     2 ||     3
Armor: Scale mail        |    41 |       |       |       ||    41
       Chain mail        |       |    52 |    51 |       ||   103
       Plate armour      |       |       |    89 |   281 ||   370
Dodge: Dodged            |    30 |    38 |    81 |   170 ||   319
       Deflected         |       |       |       |     1 ||     1
Block: Shield            |    49 |    77 |   210 |   514 ||   850
